 Dungeon Crawl Stone Soup version 0.21-a0-163-g3aa3f5d (webtiles) character file.

399 MirrMurr the Spear-Bearer (level 6, 0/48 HPs)
             Began as a Merfolk Gladiator on Aug 5, 2017.
             Slain by a centaur (7 damage)
             ... on level 4 of the Dungeon.
             The game lasted 00:09:42 (3325 turns).

MirrMurr the Spear-Bearer (Merfolk Gladiator)       Turns: 3325, Time: 00:09:43

Health: 0/48       AC:  7    Str: 16    XL:     6   Next: 84%
Magic:  6/6        EV: 14    Int:  8    God:
Gold:   187        SH:  0    Dex: 15    Spells: 5/5 levels left

rFire    . . .     SeeInvis .   a - +0 trident
rCold    . . .     Gourm    .   (no shield)
rNeg     . . .     Faith    .   i - +0 ring mail
rPois    .         Spirit   .   c - +0 helmet
rElec    .         Reflect  .   m - +0 cloak
rCorr    .         Harm     .   (no gloves)
MR       .....                  (no boots)
Stlth    +.........             (no amulet)
HPRegen  0.16/turn              (no ring)
MPRegen  0.10/turn              (no ring)

@: no status effects
A: change form in water, swift swim, stealthy swim
a: no special abilities


You were on level 4 of the Dungeon.
You were not hungry.

You visited 1 branch of the dungeon, and saw 4 of its levels.

You collected 187 gold pieces.

Inventory:

Hand Weapons
 a - a +0 trident (weapon)
 b - a +0 hunting sling
 x - a +0 blowgun
Missiles
 d - 3 throwing nets {!f}
 e - 7 tomahawks of dispersal (quivered)
 g - 133 stones
 h - 19 poisoned needles
Armour
 c - a +0 helmet (worn)
 i - a +0 ring mail (worn)
 m - a +0 cloak (worn)
 t - a +0 chain mail
 v - a +0 plate armour
Jewellery
 s - an uncursed ring of poison resistance {unknown}
Wands
 l - a wand of flame (27/48)
 u - a wand of disintegration (6/24)
Scrolls
 j - a scroll of identify
 r - 2 scrolls of remove curse
 y - a scroll of fog
Potions
 k - a potion of might {unknown}
 n - 2 potions of mutation {unknown}
 o - 2 potions of curing
Comestibles
 f - 5 bread rations
 p - 6 chunks of flesh
 q - a royal jelly
 w - a meat ration


   Skills:
 + Level 4.1 Fighting
 * Level 8.5 Polearms
 - Level 2.0 Throwing
 + Level 5.7 Dodging


You had 5 spell levels left.
You didn't know any spells.

Dungeon Overview and Level Annotations

Branches:
Dungeon (4/15)
 Temple: D:4-7

Altars:
Makhleb

Annotations:
D:4 Sigmund


Message History

The centaur shoots an arrow.
The arrow hits you!
* * * LOW HITPOINT WARNING * * *
You see here an arrow.
The centaur unwields an uncursed shortbow.
The centaur closely misses you. Sigmund completely misses you.
You see here an arrow.
You puncture the centaur!
The centaur is moderately wounded.
The centaur barely misses you.
The centaur hits you but does no damage.
You hit the centaur.
The centaur is moderately wounded.
Sigmund barely misses you. The centaur closely misses you.
You hit the centaur.
The centaur is severely wounded.
The centaur hits you but does no damage.
You hit the centaur.
The centaur is severely wounded.
The centaur hits you!
You die...

#... ≈⌠≈ ###.. ..≈ #....
.@ # ###.#.##.##... ..
###................
...#.#(####..#.#..
####.#.#@# ≈.≈..
.......#c#####≈.≈.≈##.####
#....)..@((..# .......
###.###)###### #.###. #)#
#..... ##.# #..... #..#
#..)#. #.## #..... ##.#
###..... ##..# #.....##
#..######## #.......


You could see Sigmund and a centaur.

Vanquished Creatures
  A scorpion (D:3)
  2 electric eels (D:3)
  2 hounds
  2 worker ants
  2 adders
  4 gnolls
  5 worms
  A dart slug (D:1)
  5 leopard geckos
  5 orcs
  5 giant cockroaches
  10 goblins
  8 hobgoblins
  8 jackals (D:1)
  A quokka (D:3)
  3 bats
  6 frilled lizards
  13 kobolds
  9 rats
92 creatures vanquished.

Notes
Turn   | Place    | Note
-------+----------+-------------------------------------------
     0 | D:1      | MirrMurr the Merfolk Gladiator began the quest for the Orb.
     0 | D:1      | Reached XP level 1. HP: 16/16 MP: 1/1
   292 | D:1      | Reached skill level 5 in Polearms
   292 | D:1      | Reached XP level 2. HP: 23/23 MP: 2/2
   603 | D:1      | Reached XP level 3. HP: 28/28 MP: 3/3
  1193 | D:2      | Reached skill level 6 in Polearms
  1222 | D:2      | Reached XP level 4. HP: 33/34 MP: 4/4
  1986 | D:3      | Found a transporter.
  2007 | D:3      | Found a transporter.
  2026 | D:3      | Reached skill level 7 in Polearms
  2026 | D:3      | Reached skill level 5 in Dodging
  2026 | D:3      | Reached XP level 5. HP: 41/41 MP: 5/5
  2150 | D:3      | Reached XP level 6. HP: 45/47 MP: 6/6
  2480 | D:3      | Found a burning altar of Makhleb.
  2506 | D:4      | Noticed Sigmund
  2830 | D:3      | Reached skill level 8 in Polearms
  3325 | D:4      | Slain by a centaur

Vault maps used:
D:1:      minmay_arrival_open_corners
D:3:      gammafunk_steamed_eel, marbit_many_paths, first_bread,
          minmay_joined_circles
D:4:      led_sif_book, vehumet_altar_wand_db, kennysheep_mini,
          nicolae_ru_path_of_blood, minmay_temple_entry_statues_pillars,
          corexii_leaking_fountain, minmay_misc_feat_alley, st_stairs_8,
          uniq_sigmund

Skill      XL: |  1  2  3  4  5  6 |
---------------+-------------------+-----
Polearms       | 5 6 7 8 |  8.5
Fighting       | 3 4 |  4.1
Dodging        | 5 |  5.7
Throwing       | |  2.0

Action                   |  1- 3 |  4- 6 || total
-------------------------+-------+-------++-------
Melee: Trident           |   127 |   128 ||   255
 Fire: Hunting sling     |       |    69 ||    69
Evoke: Wand              |       |     3 ||     3
  Use: Scroll            |     1 |     4 ||     5
       Potion            |       |     1 ||     1
  Eat: Chunk             |     1 |     7 ||     8
Armor: Ring mail         |    19 |    33 ||    52
Dodge: Dodged            |    69 |    86 ||   155
